 Dungeon Crawl Stone Soup version 0.26-a0-812-g31a745ddcd (webtiles) character file.

Game seed: 11118279558064762916

24845 vishdafish the Grappler (level 12, -4/122 HPs)
             Began as a Troll Transmuter on Nov 30, 2020.
             Was the Champion of Cheibriados.
             Hit by a large rock thrown by a cyclops (24 damage)
             ... on level 2 of the Orcish Mines.
             The game lasted 00:25:34 (12412 turns).

vishdafish the Grappler (Troll Transmuter)         Turns: 12412, Time: 00:25:35

Health: -4/122     AC: 10    Str: 38    XL:     12   Next: 84%
Magic:  19/19      EV: 19    Int: 28    God:    Cheibriados [******]
Gold:   1443       SH:  5    Dex: 31    Spells: 18/21 levels left

rFire    . . .     SeeInvis .     - Unarmed
rCold    . . .     Faith    .   (no shield)
rNeg     + . .     Spirit   .   M - +2 robe {rN+}
rPois    .         Reflect  +   (helmet currently unavailable)
rElec    .         Harm     .   (no cloak)
rCorr    .         Rampage  .   (gloves unavailable)
MR       ++...                  (boots unavailable)
Stlth    ++........             G - amulet of reflection
HPRegen  0.70/turn              F - +6 ring of dexterity
MPRegen  0.16/turn              u - ring of protection from magic

@: appendages, wereblooded, very slow
A: large, unfitting armour, claws 3, horns 2, talons 1, slimy green scales 1,
magic resistance 1, regeneration 1, shaggy fur 1, strong 1, tough skin 3
a: End Transformation, Bend Time, Temporal Distortion, Slouch, Step From Time,
Renounce Religion


You were on level 2 of the Orcish Mines.
You worshipped Cheibriados.
Cheibriados was exalted by your worship.
You had grown temporary horns.
You visited 4 branches of the dungeon, and saw 15 of its levels.
You also visited: Sewer and Ossuary.

You collected 1498 gold pieces.
You spent 55 gold pieces at shops.

Inventory:

Missiles
 g - 33 large rocks (quivered)
Armour
 a - a +0 robe
 M - a +2 robe of positive energy (worn)
Jewellery
 b - an uncursed ring of resist corrosion
 n - an uncursed ring of flight
 t - a -4 ring of evasion
 u - a ring of protection from magic (right claw)
 C - an uncursed amulet of the acrobat
 F - a +6 ring of dexterity (left claw)
 G - an amulet of reflection (around neck)
 K - an uncursed ring of fire
Wands
 o - a wand of disintegration (7)
 H - a wand of digging (6)
 L - a wand of enslavement (1)
Scrolls
 d - 2 scrolls of noise
 i - 6 scrolls of magic mapping
 j - 7 scrolls of remove curse
 k - 2 scrolls of blinking
 l - 8 scrolls of teleportation
 m - 3 scrolls of enchant weapon
 v - 2 scrolls of amnesia
 y - a scroll of fog {unknown}
 D - 2 scrolls of enchant armour
 J - a scroll of random uselessness {unknown}
Potions
 c - 2 potions of berserk rage
 e - a potion of ambrosia
 f - 10 potions of curing
 h - 2 potions of mutation
 p - 3 potions of heal wounds
 q - 3 potions of might
 r - a potion of haste
 w - 7 potions of flight
 x - 3 potions of lignification
 z - 3 potions of attraction {unknown}
 A - 2 potions of brilliance
 B - 2 potions of degeneration
 E - 2 potions of magic {unknown}


   Skills:
 + Level 8.5 Fighting
 + Level 8.7 Dodging
 - Level 0.1 Stealth
 + Level 10.6 Unarmed Combat
 - Level 5.4 Spellcasting
 + Level 8.0 Transmutations
 * Level 2.6 Invocations


You had 18 spell levels left.
You knew the following spells:

 Your Spells              Type           Power        Failure   Level
a - Beastly Appendage     Tmut           ######       1%          1
b - Wereblood             Tmut           ######..     1%          2

Your spell library contained the following spells:

 Spells                   Type           Power        Failure   Level
 Spider Form              Tmut/Pois      ####......   3%          3
 Foxfire                  Conj/Fire      #...         6%          1
 Blade Hands              Tmut           ######....   7%          5
 Ice Form                 Ice/Tmut       ####....     12%         4
 Conjure Flame            Conj/Fire      #.......     19%         3
 Inner Flame              Hex/Fire       #.......     19%         3
 Sticky Flame             Conj/Fire      #.......     54%         4
 Fireball                 Conj/Fire      #.........   87%         5


Dungeon Overview and Level Annotations

Branches:
Dungeon (11/15)            Temple (1/1) D:5            Lair (1/6) D:9
    Orc (2/2) D:11            Elf (0/3) Orc:2         Sewer (visited)
Ossuary (visited)

Altars:
Ashenzari
Cheibriados
Dithmenos
Elyvilon
Fedhas
Kikubaaqudgha
Makhleb
Nemelex Xobeh
Okawaru
Qazlal
Sif Muna
Trog
Vehumet
Wu Jian
Xom
Zin
The Shining One

Shops:
D:9 [   Orc:1 *   Orc:2 *[:


Innate Abilities, Weirdness & Mutations

You are too large for most types of armour.
You have claws for hands.
Your natural rate of healing is unusually fast.
You are covered in fur. (AC +1)
You have extremely tough skin. (AC +3)
You have a pair of horns on your head.
You have sharp toenails.
You are partially covered in slimy green scales. (AC +2)
You are resistant to hostile enchantments. (MR+)
Your muscles are strong. (Str +2)


Message History

Your claw misses the orc warrior.
The orc warrior is severely wounded.
You howl as the wereblood boils in your veins!
You barely miss the orc warrior. You claw the orc warrior!
You kill the orc warrior!
Cheibriados thoroughly appreciates the change of pace.
Things that are here:
a +0 battleaxe; 6 boomerangs; a +0 plate armour A cyclops comes into view.
The cyclops shouts!
The orc warrior barely misses you. The orc warrior closely misses you.
You eviscerate the orc warrior!!!
You kill the orc warrior!
Cheibriados appreciates the change of pace.
Your Transmutations skill increases to level 8!
You howl as the wereblood boils in your veins!
The cyclops throws a large rock.
The large rock hits you!!!
* * * LOW HITPOINT WARNING * * *
The cyclops throws a large rock.
The large rock hits you!!
You die...

...........##.........##
..........####.........#.#
..........# ##..).......#
..........###...)<.....##
..(.P..........[†)..#.##
.Poo............)..####
...PP...........)..#
..C..P.P..........##
.8....P......)).@##
..∩....P.....[...##
C....P.......[(...#
............P.....##
P.............PCP..#
...................###
.............8...Po..#
.......................
........)..)..∩....P...


You could see a cyclops and an orc warrior.

Vanquished Creatures
  A stone giant (Orc:1)
  2 ettins (Orc:1)
  The ghost of kae the Grappler, a journeyman NaTm of Cheibriados (D:10)
  2 two-headed ogres
  Erica (D:10)
  3 death yaks
  An unseen horror (D:10)
  An orc knight (Orc:2)
  2 orc sorcerers
  An ugly thing (D:11)
  A deep elf mage (D:11)
  8 cyclopes
  A black mamba (Lair:1)
  Joseph (D:8)
  Psyche (D:10)
  2 centaur skeletons
  Maggie (D:8)
  A komodo dragon (D:9)
  2 trolls
  A wraith (D:10)
  6 yaks (D:11)
  A wyvern (D:8)
  Grum (D:10)
  A warg (D:11)
  A water moccasin (D:9)
  A black bear (D:9)
  7 ice beasts
  4 sky beasts
  16 orc warriors
  12 ogres
  A phantom (D:9)
  A necrophage (D:10)
  3 wolves (D:10)
  6 centaurs
  2 big kobolds (Sewer)
  7 bullfrogs
  6 water moccasin zombies (Ossuary)
  4 scorpions
  11 killer bees
  2 howler monkeys (D:10)
  2 centaur zombies
  2 bullfrog zombies
  2 jellies
  A quasit (D:10)
  14 orc priests
  9 hounds
  2 bullfrog skeletons (D:10)
  4 iguanas
  3 worker ants
  14 orc wizards
  A killer bee zombie (D:9)
  2 big kobold zombies (Ossuary)
  2 hound skeletons
  2 hound zombies
  2 mummies (Ossuary)
  11 gnolls
  14 adders
  6 river rats
  A hound simulacrum (D:10)
  A shadow imp (D:10)
  5 white imps
  A worker ant simulacrum (D:10)
  3 ufetubi
  3 oozes
  3 adder skeletons
  2 adder zombies (Ossuary)
  4 worms
  A dart slug (D:3)
  13 leopard geckos
  65 orcs
  8 giant cockroaches
  5 gnoll zombies (Ossuary)
  8 goblins
  8 hobgoblins
  7 quokkas
  6 ball pythons
  2 bats (D:2)
  8 frilled lizards
  5 hobgoblin zombies (Ossuary)
  12 kobolds
  A kobold zombie (Ossuary)
  3 orc zombies (Ossuary)
  A quokka zombie (D:8)
  9 rats
  2 rat zombies (D:5)
407 creatures vanquished.

Vanquished Creatures (others)
  9 fungi (Orc:2)
  2 plants (Lair:1)
11 creatures vanquished.

Grand Total: 418 creatures vanquished

Notes
Turn   | Place    | Note
-------+----------+-------------------------------------------
     0 | D:1      | vishdafish the Troll Transmuter began the quest for the
                  | Orb.
     0 | D:1      | Reached XP level 1. HP: 18/18 MP: 1/1
   280 | D:1      | Reached XP level 2. HP: 26/26 MP: 2/2
   799 | D:2      | Reached XP level 3. HP: 22/32 MP: 4/4
   807 | D:2      | Reached skill level 1 in Fighting
   870 | D:2      | Reached XP level 4. HP: 41/41 MP: 5/5
  1515 | D:3      | Reached skill level 4 in Unarmed Combat
  1775 | D:3      | Reached XP level 5. HP: 46/48 MP: 4/6
  1826 | D:3      | You fall into a shaft and drop 2 floors!
  1826 | D:5      | Entered Level 5 of the Dungeon
  2105 | D:5      | Found a sand-covered staircase.
  2128 | Ossuary  | Entered an ossuary
  2190 | Ossuary  | Reached XP level 6. HP: 43/57 MP: 6/8
  2319 | Ossuary  | Reached XP level 7. HP: 66/66 MP: 9/9
  2425 | Ossuary  | Gained mutation: You are dopey. (Int -2) [potion of
                  | mutation]
  2425 | Ossuary  | Gained mutation: Your spells are a little easier to cast,
                  | but a little less powerful. [potion of mutation]
  2425 | Ossuary  | Gained mutation: You have sharp toenails. [potion of
                  | mutation]
  2426 | Ossuary  | Lost mutation: Your spells are a little easier to cast, but
                  | a little less powerful. [potion of mutation]
  2426 | Ossuary  | Lost mutation: You are dopey. (Int -2) [potion of mutation]
  2426 | Ossuary  | Gained mutation: You are partially covered in slimy green
                  | scales. (AC +2) [potion of mutation]
  2426 | Ossuary  | Gained mutation: You are resistant to hostile enchantments.
                  | (MR+) [potion of mutation]
  2426 | Ossuary  | Gained mutation: Your muscles are strong. (Str +2) [potion
                  | of mutation]
  2565 | D:5      | Reached skill level 5 in Unarmed Combat
  2639 | D:5      | Found a staircase to the Ecumenical Temple.
  2659 | Temple   | Entered the Ecumenical Temple
  2729 | Temple   | Became a worshipper of Cheibriados the Contemplative
  3162 | D:5      | Reached XP level 8. HP: 44/75 MP: 9/11
  3779 | D:4      | Reached * piety under Cheibriados
  4546 | D:6      | Found a glowing drain.
  4572 | Sewer    | Entered a sewer
  4660 | Sewer    | Reached skill level 6 in Unarmed Combat
  4749 | Sewer    | Reached ** piety under Cheibriados
  4949 | D:6      | Learned a level 2 spell: Wereblood
  5041 | D:6      | Found an ornate altar of the Wu Jian Council.
  5122 | D:6      | Found a white marble altar of Elyvilon.
  5127 | D:6      | Found a bloodstained altar of Trog.
  5556 | D:7      | Reached XP level 9. HP: 78/84 MP: 13/13
  6093 | D:8      | Noticed Maggie
  6094 | D:8      | Noticed a two-headed ogre
  6105 | D:8      | Killed Maggie
  6111 | D:8      | Killed a two-headed ogre
  6111 | D:8      | Reached skill level 5 in Dodging
  6113 | D:8      | Reached skill level 7 in Unarmed Combat
  6255 | D:8      | Reached skill level 5 in Fighting
  6406 | D:8      | Reached *** piety under Cheibriados
  6436 | D:8      | Found a burning altar of Makhleb.
  6643 | D:8      | Reached skill level 5 in Transmutations
  6645 | D:8      | Noticed Joseph
  6665 | D:8      | Killed Joseph
  6665 | D:8      | Reached XP level 10. HP: 63/96 MP: 13/15
  6853 | D:8      | Found a shimmering altar of Xom.
  7255 | D:9      | Reached **** piety under Cheibriados
  7269 | D:9      | Noticed a death yak
  7293 | D:9      | Killed a death yak
  7422 | D:9      | Noticed a death yak
  7425 | D:9      | Noticed a death yak
  7426 | D:9      | Found a staircase to the Lair.
  7465 | D:8      | Killed a death yak
  7470 | D:8      | Killed a death yak
  7470 | D:8      | Reached skill level 8 in Unarmed Combat
  8018 | D:9      | Found Suink's Antique Armour Emporium.
  8146 | D:9      | Noticed a skeletal warrior
  8349 | D:9      | Noticed a death knight
  8395 | D:10     | Entered Level 10 of the Dungeon
  8476 | D:10     | Found a runed translucent gate.
  8476 | D:10     | Found a runed translucent gate.
  8476 | D:10     | Found a runed translucent gate.
  8493 | D:10     | Reached skill level 5 in Spellcasting
  8493 | D:10     | Reached XP level 11. HP: 105/105 MP: 17/17
  8543 | D:10     | Noticed Grum
  8546 | D:10     | Noticed Psyche
  8557 | D:10     | Killed Psyche
  8562 | D:10     | Reached ***** piety under Cheibriados
  8570 | D:10     | Killed Grum
  8902 | D:10     | Noticed kae's ghost (journeyman NaTm)
  8949 | D:10     | Killed kae's ghost
  9168 | D:10     | Killed an unseen horror
  9179 | D:10     | Reached skill level 9 in Unarmed Combat
  9451 | D:11     | Noticed a two-headed ogre
  9457 | D:11     | Killed a two-headed ogre
  9505 | D:11     | Noticed Erica
  9517 | D:10     | Killed Erica
 10022 | D:11     | Found a staircase to the Orcish Mines.
 10027 | D:11     | Noticed a deep elf mage
 10031 | D:11     | Killed a deep elf mage
 10157 | D:11     | Noticed a purple ugly thing
 10164 | D:11     | Killed a purple ugly thing
 10164 | D:11     | Reached ****** piety under Cheibriados
 10166 | D:11     | Reached XP level 12. HP: 103/118 MP: 19/19
 10531 | Lair:1   | Entered Level 1 of the Lair of Beasts
 10843 | Lair:1   | Noticed a six-headed hydra
 11031 | Orc:1    | Entered Level 1 of the Orcish Mines
 11031 | Orc:1    | Found a bloodstained altar of Trog.
 11135 | Orc:1    | Found Esumib's Assorted Antiques.
 11156 | Orc:1    | Bought 2 fuming ruby potions for 55 gold pieces
 11290 | Orc:1    | Reached skill level 10 in Unarmed Combat
 11571 | Orc:2    | Entered Level 2 of the Orcish Mines
 11635 | Orc:2    | Noticed an ettin
 11650 | Orc:1    | Killed an ettin
 11758 | Orc:2    | Noticed a stone giant
 11769 | Orc:1    | Killed a stone giant
 11913 | Orc:2    | Found Patz's Book Boutique.
 11983 | Orc:2    | Found Ocrufroy's Antique Armour Emporium.
 12090 | Orc:2    | Found a staircase to the Elven Halls.
 12096 | Orc:2    | Noticed an ettin
 12127 | Orc:2    | Reached skill level 1 in Invocations
 12144 | Orc:2    | Noticed an orc warlord
 12150 | Orc:2    | Noticed an ettin
 12156 | Orc:2    | Found Ehafikong's General Store.
 12315 | Orc:1    | Killed an ettin
 12412 | Orc:2    | Hit by a large rock thrown by a cyclops

Illustrated notes

Levels and vault maps discovered:
D:1:      dpeg_arrival_circle_labyrinth_c, layout_basic, minmay_split_cup_large
D:2:      layout_basic, chequers_serial_rivers_micro_d
D:3:      layout_basic
D:4:      layout_basic, serial_bayou_ford_a
D:5:      layout_loops_corners, minmay_temple_entry_grid, enter_ossuary_4,
          st_stairs_14, minmay_fractal_squares_gapless_5
D:6:      layout_basic, lemuel_crystal_altar, minitemple, serial_glass,
          glass_columns_b, glass_columns_b, portal_sewer_entry_f
D:7:      layout_loops_ring
D:8:      layout_loops_cross, makhleb_heckhound_becter, tgw_xom, uniq_maggie,
          uniq_joseph
D:9:      layout_roguey, dpeg_lair_monsters, serial_shops, kennysheep_mini,
          roderic_serpentine_path, hangedman_glass_teeth, grunt_tough_drop
D:10:     layout_loops_ring, gammafunk_ghost_icy, grunt_ministairs_2,
          kennysheep_generic_room_9, uniq_grum, uniq_psyche
D:11:     layout_gridville, orc_0_dummy, uniq_erica
Temple:   regret_index_temple_mists
Lair:1:   layout_loops_ring, grunt_megastairs_4, lemuel_fruit_tree,
          uniq_gastronok
Orc:1:    layout_caves, basic_altar, serial_shops, nicolae_shop_crystal
Orc:2:    grunt_orc_gardens, layout_diamond_mine, grunt_orc_garden,
          grunt_orc_garden, grunt_orc_garden, grunt_orc_garden, serial_shops,
          shop

Skill      XL: |  1  2  3  4  5  6  7  8  9 10 11 12 |
---------------+-------------------------------------+-----
Fighting       | 1 2 3 4 5 6 7 8 |  8.5
Dodging        | 2 3 4 5 6 7 8 |  8.7
Unarmed Combat | 4 5 6 7 8 9 10 | 10.6
Transmutations | 2 3 4 5 7 8 |  8.0
Spellcasting   | 2 3 4 5 |  5.4
Invocations    | 2 |  2.6
Stealth        | |  0.1

Action                   |  1- 3 |  4- 6 |  7- 9 | 10-12 || total
-------------------------+-------+-------+-------+-------++-------
Melee: Unarmed           |    29 |   185 |   326 |   473 ||  1013
       Dagger            |    50 |       |       |       ||    50
       Punch             |     2 |     2 |     9 |    32 ||    45
       Headbutt          |       |     8 |    36 |    31 ||    75
       Kick              |       |    11 |   102 |   224 ||   337
Throw: Throwing net      |       |     2 |       |       ||     2
       Large rock        |       |       |       |     1 ||     1
 Cast: Beastly Appendage |     1 |     8 |    16 |    13 ||    38
       Wereblood         |       |       |       |     6 ||     6
Invok: Bend Time         |       |       |       |     1 ||     1
Evoke: Wand              |       |     5 |       |     9 ||    14
  Use: Scroll            |       |       |    11 |    14 ||    25
       Potion            |       |       |     2 |     4 ||     6
 Stab: Sleeping          |       |       |     1 |     7 ||     8
       Distracted        |       |       |       |     1 ||     1
Armor: Robe              |    25 |    65 |   100 |    98 ||   288
Dodge: Dodged            |    29 |    88 |   175 |   450 ||   742
Block: Other             |       |       |       |    80 ||    80
       Reflection        |       |       |       |     9 ||     9

Table legend: (Time is in decaauts)
 A = Elapsed time spent in this place.
 B = Non-inter-level travel time spent in this place.
 C = Inter-level travel time spent in this place.
 D = Time resting spent in this place.
 E = Time spent auto-exploring this place.
 F = Levels seen in this place.
 G = Mean time per level.
                   A        B        C        D        E       F      G
               +--------+--------+--------+--------+--------+-----+--------+
         Total |  16588 |  15898 |    690 |   1212 |  11324 |  17 |  975.8 |
       Dungeon |  13234 |  12544 |    690 |    709 |   9569 |  11 | 1203.1 |
        Temple |    148 |    148 |      0 |      0 |      0 |   1 |  148.0 |
          Lair |    680 |    680 |      0 |      0 |    539 |   1 |  680.0 |
  Orcish Mines |   1818 |   1818 |      0 |    503 |    790 |   2 |  909.0 |
         Sewer |    407 |    407 |      0 |      0 |    256 |   1 |  407.0 |
       Ossuary |    300 |    300 |      0 |      0 |    169 |   1 |  300.0 |
               +--------+--------+--------+--------+--------+-----+--------+

Top non-repeatable levels by time:
     D:9: 1859 daAuts
    D:10: 1749 daAuts
    D:11: 1729 daAuts
     D:8: 1620 daAuts
   Orc:1: 1243 daAuts
     D:5: 1118 daAuts
     D:3: 996 daAuts
     D:7: 962 daAuts
     D:4: 882 daAuts
     D:6: 816 daAuts
     D:2: 762 daAuts
     D:1: 736 daAuts
  Lair:1: 680 daAuts
   Orc:2: 574 daAuts
   Sewer: 407 daAuts
